[Event "Irish International Open 2019"]
[Site "Dublin"]
[Date "2019.04.17"]
[Round "1.7"]
[White "Hovhannisyan, Mher"]
[Black "Murphy, Sean"]
[Result "1-0"]
[ECO "E11"]
[WhiteElo "2462"]
[BlackElo "1976"]
[Annotator "RC"]
[PlyCount "69"]
[EventDate "2019.02.28"]
[EventType "swiss"]
[EventCountry "IRL"]
[SourceTitle "playchess.com"]
[Source "ChessBase"]
[SourceQuality "1"]
[TimeControl "5400+30"]

1. d4 Nf6 2. Nf3 d5 3. c4 e6 4. g3 Bb4+ 5. Bd2 Bxd2+ 6. Nbxd2 O-O 7. Bg2 c6 8. O-O Nbd7 9. Qc2 Re8 10. e4 dxe4 11. Nxe4 Nxe4 12. Qxe4 Nf6 13. Qc2 Bd7 14. Rfd1 Qc7 15. c5 Rad8 16. Ne5 Bc8 17. b4 Nd5 18. Rab1 Qe7 19. Be4 h5 20. Bh7+ Kh8 21. Bg6 Rf8 22. Bxf7 Qxf7 23. Nxf7+ Rxf7 24. Re1 Rdf8 25. Re5 Nf6 26. Qg6 Kg8 27. Rb3 Nd5 28. Rxh5 Rf6 29. Qh7+ Kf7 30. Rg5 Ke8 31. f4 Nxf4 32. gxf4 Rxf4 33. Rb1 e5 34. Qg6+ Kd8 35. Qd6+ 1-0

[Event "Irish International Open 2019"]
[Site "Dublin"]
[Date "2019.04.17"]
[Round "1.12"]
[White "Lundback, Anders"]
[Black "Longson, Alexander"]
[Result "0-1"]
[ECO "D27"]
[WhiteElo "1806"]
[BlackElo "2318"]
[Annotator "NA RC"]
[PlyCount "102"]
[EventDate "2019.02.28"]
[EventType "swiss"]
[EventCountry "IRL"]
[SourceTitle "playchess.com"]
[Source "ChessBase"]
[SourceQuality "1"]
[TimeControl "5400+30"]

1. d4 d5 2. c4 dxc4 3. Nf3 Nf6 4. e3 e6 5. Bxc4 c5 6. O-O a6 7. a4 Nc6 8. Nc3 Be7 9. d5 exd5 {[%emt 0:00:30] D27: Queen's Gambit Accepted: Classical main line: 7 e4!? and 7 a4} 10. Nxd5 Nxd5 11. Bxd5 Nb4 12. e4 (12. Bc4 O-O 13. Bd2 Nc6 14. Bc3 Bg4 15. h3 Bh5 16. Qd5 Qxd5 17. Bxd5 {1-0 (53) Nguyen,T (2537)-Predke,A (2612) Biograd 2018}) 12... Nxd5 13. exd5 O-O 14. Ne5 Bd7 $146 ({Predecessor:} 14... Bd6 15. Nc4 Bxh2+ 16. Kxh2 Qh4+ 17. Kg1 Qxc4 {1-0 (61) Stark,G (1842)-Lutard,F (1860) France 2012}) 15. Re1 Bf6 16. Bf4 Re8 17. Rc1 Rc8 18. h3 b5 19. d6 Bxe5 20. Bxe5 Be6 (20... Qg5 $11 21. f4 Qg3) 21. Rc3 b4 {[%emt 0:00:30] [#]} 22. Rg3 $1 f6 23. Bf4 Qd7 24. Bh6 g6 25. h4 (25. Rf3 $16) 25... Kf7 (25... Bf7 $14) 26. h5 ({White should try} 26. Rge3 $16) 26... g5 $2 {[%emt 0:00:30] [#]} ({Better is} 26... Rcd8 $14) 27. Qf3 $1 Bf5 (27... Qxd6 $142 28. Rxg5 Rg8) 28. Re7+ $2 (28. Qd5+ $18 Be6 {[#]} 29. Rxg5 $1 Bxd5 30. Rg7+ {[%mdl 64] Double Attack, Skewer} Kf8 31. Rxd7+ Kg8 32. Ree7 Rxe7 33. dxe7) 28... Rxe7 29. dxe7 c4 (29... Kxe7 $17 30. Bxg5 fxg5 31. Rxg5 Rf8 32. Qe3+ Be6 33. Qxc5+ (33. Rg7+ Rf7 $17) 33... Qd6 34. Qa7+ Bd7 35. Qe3+ Kd8) 30. Bf8 $2 (30. Bxg5 $1 $11 {and White has nothing to worry.} Qd3 31. Be3) 30... c3 31. bxc3 bxc3 32. e8=Q+ Kxe8 33. Ba3 c2 34. Qe2+ Kf7 35. Kh2 c1=Q 36. Bxc1 Rxc1 37. Re3 Rc2 38. Qf3 Rc8 39. h6 Re8 40. Rb3 Re7 41. a5 Qc7+ 42. g3 Kg6 43. Rb6 Re6 44. Rb7 Qc6 45. Qb3 Kxh6 46. Qb4 Qd6 $19 (46... Qf3 $142 47. Qf8+ {[#]} Kh5 $1 48. Qf7+ Kg4 49. Rb4+ Re4 50. Rb2 Re1 51. Rb4+ Be4 52. Rxe4+ Qxe4 53. f3+ {[%mdl 64] Decoy} Kxf3 54. Qxf6+ Kg4 55. Qf1 Re2+ 56. Kg1 Rd2 57. Qf2 Rd1+ 58. Qf1 Kxg3 59. Qxd1 Qg2#) 47. Qc3 Re2 48. Qf3 Qe5 49. Rb6 g4 50. Qa3 Rxf2+ 51. Kg1 Qe1# 0-1

[Event "Irish International Open 2019"]
[Site "Dublin"]
[Date "2019.04.17"]
[Round "1.24"]
[White "Whelan, Niall P."]
[Black "Buonanno, Raffaele"]
[Result "0-1"]
[ECO "B43"]
[WhiteElo "1620"]
[BlackElo "2091"]
[Annotator "NA RC"]
[PlyCount "103"]
[EventDate "2019.02.28"]
[EventType "swiss"]
[EventCountry "IRL"]
[SourceTitle "playchess.com"]
[Source "ChessBase"]
[SourceQuality "1"]
[TimeControl "5400+30"]

1. e4 c5 2. Nf3 e6 3. d4 cxd4 4. Nxd4 a6 5. Nc3 Qc7 6. Bd3 Nf6 7. a3 b5 {[%emt 0:00:58] B43: Sicilian: Kan Variation: 5 Nc3} 8. Qe2 (8. Nb3 Bb7 9. Qe2 Nc6 10. Be3 Ne5 11. f4 Nc4 12. Bxc4 bxc4 13. Nd2 Rc8 14. O-O Bc5 15. Kh1 Bxe3 16. Qxe3 {½-½ (67) Mezentsev,I (2298)-Markov,M (2368) Almaty 2019}) 8... d6 9. Bg5 Be7 10. Rc1 $146 ({Predecessor:} 10. O-O Nbd7 11. Kh1 Bb7 12. Be3 d5 13. exd5 Nxd5 14. Nxd5 Bxd5 15. c3 {1-0 (44) Komlosi,T (1894)-Molnar Saska,Z (1791) Hungary 2012}) 10... Bb7 11. O-O O-O 12. f4 Nbd7 13. Nf3 Nc5 14. e5 dxe5 15. Nxe5 Nxd3 16. Nxd3 h6 17. Bxf6 Bxf6 18. Ne5 Rfd8 19. Rcd1 Rac8 20. Rxd8+ Rxd8 21. Rd1 Qc5+ 22. Kf1 Rxd1+ 23. Nxd1 Qd4 24. Nd3 Qd6 25. c3 Bd5 26. Qe3 Bc4 27. N1f2 Bd8 28. Ke1 Bb6 29. Qe5 Qd8 30. Nc5 f6 31. Qd4 Qa8 32. Qe4 Bd5 33. Qe3 Bxc5 34. Qxc5 Bxg2 (34... Bc4 $142 35. Kd2 Qxg2) 35. Qb6 Bd5 36. Nd3 (36. Qe3 $142) 36... Bc4 37. Nf2 Qf3 38. Qd8+ Kh7 39. Qd2 e5 40. fxe5 {[%emt 0:01:19] [#]} fxe5 ({Black should try} 40... f5 $1 $19 41. h4 Kg6) 41. Qc2+ Kh8 42. b3 $2 (42. Qe4 $17 Qf6 43. Nd3) 42... Qe3+ 43. Kd1 Bd5 44. Qd2 Bxb3+ 45. Kc1 Qf3 46. Qd8+ Bg8 47. Qh4 (47. Qd2 $19) 47... Qxc3+ (47... Qe3+ $142 48. Kc2 Qe2+ 49. Kb1 Qe1+ 50. Kb2 Qd2+ 51. Kb1 Ba2+ 52. Ka1 Bb3 53. Qd8+ Qxd8 54. Kb2 Ba4 55. Ne4 Qd5 56. Ng5 Qd2+ {[%mdl 64] Double Attack} 57. Kb1 hxg5 58. Ka1 Bb3 59. Kb1 Qc2+ 60. Ka1 Qc1#) 48. Kd1 Qa1+ 49. Ke2 Bc4+ 50. Kf3 Qxa3+ 51. Kg2 Bd5+ 52. Kf1 $19 0-1

[Event "Irish International Open 2019"]
[Site "Dublin"]
[Date "2019.04.17"]
[Round "1.27"]
[White "Murray, David"]
[Black "Murray, Sam"]
[Result "1-0"]
[ECO "C10"]
[WhiteElo "2152"]
[BlackElo "1554"]
[Annotator "NA RC"]
[PlyCount "61"]
[EventDate "2019.02.28"]
[EventType "swiss"]
[EventCountry "IRL"]
[SourceTitle "playchess.com"]
[Source "ChessBase"]
[SourceQuality "1"]
[TimeControl "5400+30"]

1. e4 e6 2. d4 d5 3. Nd2 dxe4 4. Nxe4 Nd7 5. c4 Ngf6 6. Nc3 {[%emt 0:00:16] C10: French with 3 Nc3: Unusual Black 3rd moves and 3...dxe4} Bb4 (6... b6 7. Nf3 Bb7 8. Be2 Bd6 9. O-O O-O 10. Nb5 Re8 11. Bg5 h6 12. Bh4 Bf4 13. Bg3 Bxg3 14. hxg3 {½-½ (29) Bartel,M (2618)-Grachev,B (2652) Khanty-Mansiysk 2009}) 7. Bd3 O-O 8. Nf3 c5 9. a3 Bxc3+ 10. bxc3 b6 11. O-O Bb7 12. Re1 $146 ({Predecessor:} 12. Bf4 Rc8 13. Qe2 {1-0 (41) Wojciechowski,P (2279)-Parczewski,J (2023) Warsaw 2009}) 12... Re8 13. a4 Qc7 14. Ne5 Nxe5 15. dxe5 Qc6 16. f3 Nd7 17. Qc2 Nf8 18. Qf2 Rad8 19. Bc2 Qc7 20. a5 Bc6 21. Bg5 Rd7 22. Qg3 Ng6 23. h4 f6 24. Bxg6 hxg6 25. Bf4 f5 26. Qxg6 Rd3 27. axb6 axb6 28. Ra3 Qd7 29. Rea1 Rxc3 30. Ra7 Bb7 {[%emt 0:02:33] [#]} 31. Rxb7 {[%emt 0:00:54] NOTEXT-4834} 1-0

[Event "Irish International Open 2019"]
[Site "Dublin"]
[Date "2019.04.18"]
[Round "2.1"]
[White "Melaugh, Shane"]
[Black "Epishin, Vladimir"]
[Result "0-1"]
[ECO "A85"]
[WhiteElo "2105"]
[BlackElo "2568"]
[Annotator "ChessBase"]
[PlyCount "136"]
[EventDate "2019.02.28"]
[EventType "swiss"]
[EventCountry "IRL"]
[SourceTitle "playchess.com"]
[Source "ChessBase"]
[SourceQuality "1"]
[TimeControl "5400+30"]

1. c4 e6 2. Nc3 Bb4 3. d4 f5 4. g3 Nf6 5. Bg2 Ne4 6. Qd3 d5 7. cxd5 exd5 8. Nh3 c6 9. O-O O-O 10. f3 Nd6 11. Nf4 Re8 12. a3 Ba5 13. b4 Bb6 14. Be3 Nd7 15. Bf2 Nf8 16. e4 dxe4 17. fxe4 fxe4 18. Nxe4 Ne6 19. Nxe6 Bxe6 20. Rac1 Bd5 21. Nc5 Qg5 22. Rfe1 Bxg2 23. Kxg2 Qd5+ 24. Qf3 Qxf3+ 25. Kxf3 Rad8 26. Re5 Bxc5 27. Rxe8+ Nxe8 28. bxc5 Nf6 29. Rb1 Rd7 30. g4 Rf7 31. Bg3 Nd5+ 32. Kg2 Ne3+ 33. Kh3 Nc2 34. Rd1 Rd7 35. Rd3 Kf7 36. Be5 Ke6 37. a4 Kd5 38. Rc3 Nxd4 39. Bxd4 Kxd4 40. Rc1 Re7 41. Kg3 g5 42. a5 a6 43. Kf3 h6 44. Rc2 Re3+ 45. Kf2 Rh3 46. Kf1 Rb3 47. Rf2 Rb5 48. Rf6 Rxa5 49. Rxh6 Rxc5 50. h4 gxh4 51. Rxh4 Ke4 52. g5+ Kf5 53. Rh7 Rb5 54. Rg7 a5 55. Rg8 a4 56. g6 Kf6 57. g7 Kf7 58. Ra8 Kxg7 59. Rxa4 Kf6 60. Ke2 Ke5 61. Kd3 Rd5+ 62. Kc3 Kd6 63. Ra8 b5 64. Rh8 Re5 65. Rh4 c5 66. Rh8 Re3+ 67. Kc2 b4 68. Rh5 Kc6 0-1

[Event "Irish International Open 2019"]
[Site "Dublin"]
[Date "2019.04.18"]
[Round "2.2"]
[White "Saric, Ante"]
[Black "Murray, David"]
[Result "1-0"]
[ECO "A34"]
[WhiteElo "2530"]
[BlackElo "2152"]
[Annotator "ChessBase"]
[PlyCount "65"]
[EventDate "2019.02.28"]
[EventType "swiss"]
[EventCountry "IRL"]
[SourceTitle "playchess.com"]
[Source "ChessBase"]
[SourceQuality "1"]
[TimeControl "5400+30"]

1. Nf3 Nf6 2. c4 c5 3. Nc3 Nc6 4. g3 d5 5. d4 cxd4 6. Nxd4 dxc4 7. Nxc6 Qxd1+ 8. Nxd1 bxc6 9. Bg2 Nd5 10. Ne3 e6 11. Nxc4 Ba6 12. b3 Bb4+ 13. Bd2 O-O 14. Rc1 Bxd2+ 15. Nxd2 Nf6 16. Nc4 Rac8 17. Na5 c5 18. Nc6 Rc7 19. Rxc5 Rfc8 20. O-O Kf8 21. b4 Bxe2 22. Re1 Ba6 23. Ra5 Bb7 24. Nxa7 Rc1 25. Kf1 Bxg2+ 26. Kxg2 Rxe1 27. Nxc8 Rb1 28. b5 Nd5 29. a4 Ke8 30. Ra7 Kd8 31. Nd6 Rb4 32. Nxf7+ Kc8 33. Nd6+ 1-0

[Event "Irish International Open 2019"]
[Site "Dublin"]
[Date "2019.04.18"]
[Round "2.3"]
[White "Buonanno, Raffaele"]
[Black "Burg, Twan"]
[Result "0-1"]
[ECO "E39"]
[WhiteElo "2091"]
[BlackElo "2519"]
[Annotator "ChessBase"]
[PlyCount "68"]
[EventDate "2019.02.28"]
[EventType "swiss"]
[EventCountry "IRL"]
[SourceTitle "playchess.com"]
[Source "ChessBase"]
[SourceQuality "1"]
[TimeControl "5400+30"]

1. d4 e6 2. c4 Nf6 3. Nc3 Bb4 4. Qc2 c5 5. dxc5 O-O 6. Bg5 Na6 7. a3 Bxc5 8. Nf3 b6 9. e3 Bb7 10. Be2 h6 11. Bh4 Be7 12. O-O Nc5 13. Rfd1 Rc8 14. Nd4 Nfe4 15. Bxe7 Qxe7 16. f3 Nxc3 17. Qxc3 d5 18. b4 Nd7 19. Qb3 Ne5 20. cxd5 Bxd5 21. Qb2 Qg5 22. e4 Nc4 23. Bxc4 Bxc4 24. Qf2 Qe5 25. Rd2 Ba6 26. Qe3 Rc4 27. f4 Qc7 28. Qg3 Rc3 29. Qg4 Rc1+ 30. Rxc1 Qxc1+ 31. Rd1 Qxa3 32. f5 Qe3+ 33. Kh1 Rd8 34. f6 Qg5 0-1

[Event "Irish International Open 2019"]
[Site "Dublin"]
[Date "2019.04.18"]
[Round "2.4"]
[White "Jovanic, Ognjen"]
[Black "Melaugh, Gavin"]
[Result "1-0"]
[ECO "A96"]
[WhiteElo "2515"]
[BlackElo "2109"]
[Annotator "ChessBase"]
[PlyCount "107"]
[EventDate "2019.02.28"]
[EventType "swiss"]
[EventCountry "IRL"]
[SourceTitle "playchess.com"]
[Source "ChessBase"]
[SourceQuality "1"]
[TimeControl "5400+30"]

1. d4 e6 2. c4 f5 3. g3 Nf6 4. Bg2 Be7 5. Nf3 O-O 6. O-O d6 7. b4 Qe8 8. Bb2 Qh5 9. Nbd2 Ne4 10. e3 Nd7 11. Ne1 Qxd1 12. Rxd1 d5 13. cxd5 exd5 14. Nd3 c6 15. f3 Nxd2 16. Rxd2 Nb6 17. Bc3 Nc4 18. Re2 b6 19. a4 Ba6 20. Rd1 Rae8 21. Kf2 Bg5 22. f4 Bd8 23. b5 cxb5 24. Bxd5+ Kh8 25. Nb4 Bc8 26. axb5 Nd6 27. Bc6 Ne4+ 28. Bxe4 fxe4 29. Ra2 g5 30. d5+ Bf6 31. Bxf6+ Rxf6 32. Nc6 Bg4 33. Re1 Rh6 34. Kg1 gxf4 35. exf4 Rd6 36. Ne5 Bh5 37. g4 Bg6 38. Rd2 Kg7 39. Kf2 Kf6 40. Rc1 Red8 41. Nxg6 hxg6 42. Rc6 Ke7 43. Ke3 Rxd5 44. Rxd5 Rxd5 45. Rxg6 Rxb5 46. Rg7+ Kf6 47. Rxa7 Rb4 48. g5+ Kg6 49. Re7 b5 50. Re6+ Kg7 51. f5 Rb2 52. Re7+ Kf8 53. f6 Rxh2 54. g6 1-0

[Event "Irish International Open 2019"]
[Site "Dublin"]
[Date "2019.04.18"]
[Round "2.5"]
[White "McMorrow, John"]
[Black "Ruck, Robert"]
[Result "0-1"]
[ECO "B13"]
[WhiteElo "2058"]
[BlackElo "2522"]
[Annotator "ChessBase"]
[PlyCount "86"]
[EventDate "2019.02.28"]
[EventType "swiss"]
[EventCountry "IRL"]
[SourceTitle "playchess.com"]
[Source "ChessBase"]
[SourceQuality "1"]
[TimeControl "5400+30"]

1. e4 c6 2. d4 d5 3. exd5 cxd5 4. Bd3 Nc6 5. c3 Qc7 6. Nf3 Bg4 7. O-O e6 8. h3 Bh5 9. Nbd2 Bd6 10. Re1 Nge7 11. a4 Rc8 12. b4 Bg6 13. Nb3 O-O 14. a5 Nb8 15. Nc5 b6 16. axb6 axb6 17. Na4 Bxd3 18. Qxd3 Nd7 19. Bd2 Ng6 20. Ng5 Rfe8 21. g3 Nf6 22. f4 Nf8 23. Re2 h6 24. Nf3 Ra8 25. Be1 Ra7 26. Rea2 Rea8 27. Qb1 Ne4 28. Qb3 g5 29. fxg5 hxg5 30. Nb2 Rxa2 31. Rxa2 Rxa2 32. Qxa2 Bxg3 33. Nd3 Bxe1 34. Ndxe1 Qxc3 35. Qg2 Ng6 36. b5 Qe3+ 37. Kh2 Nf4 38. Qf1 Kg7 39. Nc2 Qc3 40. Nce1 Qb2+ 41. Ng2 Qxg2+ 42. Qxg2 Nxg2 43. Kxg2 f6 0-1

[Event "Irish International Open 2019"]
[Site "Dublin"]
[Date "2019.04.18"]
[Round "2.6"]
[White "Strikovic, Aleksa"]
[Black "Doyle, Hugh"]
[Result "1-0"]
[ECO "D94"]
[WhiteElo "2493"]
[BlackElo "2042"]
[Annotator "ChessBase"]
[PlyCount "93"]
[EventDate "2019.02.28"]
[EventType "swiss"]
[EventCountry "IRL"]
[SourceTitle "playchess.com"]
[Source "ChessBase"]
[SourceQuality "1"]
[TimeControl "5400+30"]

1. c4 c5 2. Nc3 g6 3. Nf3 Bg7 4. e3 Nf6 5. d4 O-O 6. Be2 d5 7. dxc5 Qa5 8. cxd5 Nxd5 9. Qxd5 Bxc3+ 10. bxc3 Qxc3+ 11. Qd2 Qxa1 12. O-O Qg7 13. Bc4 Kh8 14. Bb2 f6 15. Ng5 Nc6 16. f4 h6 17. Nf3 Bf5 18. Qe1 Nd8 19. e4 Be6 20. Bd5 Rc8 21. Qe3 Kh7 22. Nh4 Bf7 23. Rd1 e6 24. Bb3 Rc7 25. Nf3 Nc6 26. e5 f5 27. Rd6 Re8 28. Bc3 Qg8 29. Qf2 Qg7 30. h3 Kg8 31. Qe3 Qf8 32. Be1 Nb8 33. Ba5 Rcc8 34. Nd4 Nc6 35. Nxc6 Rxc6 36. Ba4 Rec8 37. Bxc6 Rxc6 38. Be1 Be8 39. Bh4 Rxd6 40. exd6 Qf7 41. Be1 Bc6 42. Bc3 Kf8 43. Qe5 Ke8 44. Qh8+ Qf8 45. Qh7 h5 46. Qc7 Bd7 47. Qxb7 1-0

[Event "Irish International Open 2019"]
[Site "Dublin"]
[Date "2019.04.18"]
[Round "2.7"]
[White "Kersten, Julian"]
[Black "Hovhannisyan, Mher"]
[Result "0-1"]
[ECO "C09"]
[WhiteElo "1996"]
[BlackElo "2462"]
[Annotator "ChessBase"]
[PlyCount "84"]
[EventDate "2019.02.28"]
[EventType "swiss"]
[EventCountry "IRL"]
[SourceTitle "playchess.com"]
[Source "ChessBase"]
[SourceQuality "1"]
[TimeControl "5400+30"]

1. e4 e6 2. d4 d5 3. Nd2 c5 4. Ngf3 Nc6 5. exd5 exd5 6. dxc5 Bxc5 7. Bd3 Nf6 8. O-O O-O 9. Nb3 Bb6 10. Bg5 Bg4 11. Be2 Qd6 12. Bh4 Ne4 13. Nfd2 Bxe2 14. Qxe2 Rfe8 15. Nxe4 Rxe4 16. Qh5 Qg6 17. Qxg6 hxg6 18. Bg5 Re2 19. Bd2 Nd4 20. Nxd4 Rxd2 21. c3 Rxb2 22. Rfb1 Rxb1+ 23. Rxb1 Rc8 24. Ne2 Rc4 25. Rd1 Ra4 26. Rd2 Kf8 27. g3 g5 28. Nc1 d4 29. cxd4 Rxd4 30. Rxd4 Bxd4 31. Kg2 Ke7 32. Kf3 Ke6 33. Ke2 Kd5 34. f3 Kc4 35. Kd2 b5 36. Kc2 a5 37. Nb3 Bc3 38. Nc1 b4 39. Nb3 a4 40. Nc1 Bd4 41. h3 Be3 42. Ne2 b3+ 0-1

[Event "Irish International Open 2019"]
[Site "Dublin"]
[Date "2019.04.18"]
[Round "2.8"]
[White "Larino Nieto, David"]
[Black "Reprun, Nadejda"]
[Result "1-0"]
[ECO "A06"]
[WhiteElo "2434"]
[BlackElo "1995"]
[Annotator "ChessBase"]
[PlyCount "65"]
[EventDate "2019.02.28"]
[EventType "swiss"]
[EventCountry "IRL"]
[SourceTitle "playchess.com"]
[Source "ChessBase"]
[SourceQuality "1"]
[TimeControl "5400+30"]

1. Nf3 d5 2. b3 Bg4 3. Bb2 e6 4. g3 Nd7 5. Bg2 Ngf6 6. d3 Be7 7. h3 Bxf3 8. exf3 O-O 9. f4 Bd6 10. O-O c6 11. Re1 Qc7 12. Nd2 Rfe8 13. d4 b5 14. c4 bxc4 15. bxc4 Rab8 16. Qc2 Bb4 17. c5 Rb7 18. Bc1 Reb8 19. Rd1 Bxd2 20. Bxd2 Rb2 21. Qa4 Ne4 22. Be1 Qb7 23. Bf1 a5 24. f3 Nef6 25. Bc3 Nh5 26. Bxb2 Qxb2 27. Rab1 Qc3 28. Rxb8+ Nxb8 29. Qb3 Qxb3 30. axb3 Nxg3 31. Bd3 Nh5 32. Ra1 Nxf4 33. Bf1 1-0

[Event "Irish International Open 2019"]
[Site "Dublin"]
[Date "2019.04.18"]
[Round "2.9"]
[White "Fox, Anthony"]
[Black "Thorfinnsson, Bjorn"]
[Result "0-1"]
[ECO "C46"]
[WhiteElo "2031"]
[BlackElo "2399"]
[Annotator "NA"]
[PlyCount "72"]
[EventDate "2019.02.28"]
[EventType "swiss"]
[EventCountry "IRL"]
[SourceTitle "playchess.com"]
[Source "ChessBase"]
[SourceQuality "1"]
[TimeControl "5400+30"]

1. e4 e5 2. Nf3 Nc6 3. Nc3 g6 4. d4 exd4 5. Nxd4 Bg7 6. Be3 Nge7 7. Qd2 d6 8. O-O-O a6 9. Nxc6 Nxc6 10. Bh6 O-O (10... Bxh6 $142 11. Qxh6 Bg4) 11. Bxg7 Kxg7 12. h4 h5 13. f3 Be6 14. Kb1 Rh8 15. Be2 Qf6 16. f4 Rad8 17. Bf3 Rde8 $16 18. Ne2 Kf8 19. Ng3 Bc8 20. Ne2 Re7 21. Nc3 Be6 22. Nd5 Bxd5 23. exd5 Nb8 24. g3 Kg7 25. Rhe1 Rhe8 26. Rxe7 Qxe7 27. Qc3+ Kg8 28. b3 Qe3 29. Kb2 Nd7 30. Rd3 Qg1 31. Qxc7 Nc5 32. Rd1 Qxg3 33. Bh1 Qxf4 34. a3 Re2 35. Qd8+ Kg7 36. Qa5 Qxh4 0-1

[Event "Irish International Open 2019"]
[Site "Dublin"]
[Date "2019.04.18"]
[Round "2.10"]
[White "Jackson, James P"]
[Black "Flynn, Jacob"]
[Result "1-0"]
[ECO "B01"]
[WhiteElo "2388"]
[BlackElo "2011"]
[Annotator "NA"]
[PlyCount "43"]
[EventDate "2019.02.28"]
[EventType "swiss"]
[EventCountry "IRL"]
[SourceTitle "playchess.com"]
[Source "ChessBase"]
[SourceQuality "1"]
[TimeControl "5400+30"]

1. e4 d5 2. exd5 Qxd5 3. Nc3 Qa5 4. d4 Nf6 5. Bc4 c6 6. Bd2 Bf5 7. Nf3 e6 8. Nd5 Qd8 9. Nxf6+ gxf6 10. O-O Bd6 11. Re1 Nd7 12. Nh4 Bg6 {[%emt 0:01:30] [#]} 13. Bxe6 $1 fxe6 14. Rxe6+ Be7 15. Qe2 Kf7 $1 16. Re1 Bf8 17. c4 (17. f4 $142) 17... Nb6 $18 (17... Rg8 $16 18. Qg4 Nb6) 18. Bc3 Na4 19. f4 Nxc3 20. bxc3 f5 21. Rxg6 Qe7 22. Rg7+ 1-0

[Event "Irish International Open 2019"]
[Site "Dublin"]
[Date "2019.04.18"]
[Round "2.11"]
[White "Longson, Alexander"]
[Black "Schmitz, Andreas Arnold"]
[Result "1-0"]
[ECO "D20"]
[WhiteElo "2318"]
[BlackElo "2003"]
[Annotator "NA"]
[PlyCount "121"]
[EventDate "2019.02.28"]
[EventType "swiss"]
[EventCountry "IRL"]
[SourceTitle "playchess.com"]
[Source "ChessBase"]
[SourceQuality "1"]
[TimeControl "5400+30"]

1. d4 d5 2. c4 dxc4 3. e3 e5 4. Bxc4 exd4 5. exd4 Nf6 6. Qb3 Qe7+ 7. Ne2 {[%emt 0:00:09] D20: Queen's Gambit Accepted: 3 e3 and 3 e4} (7. Be3 Qb4+ 8. Nc3 Qxb3 9. Bxb3 a6 10. Nf3 Bd6 11. Bg5 Nbd7 12. O-O-O O-O 13. Rhe1 h6 14. Bh4 g5 {1-0 (49) Vallejo Pons,F (2695)-Usmanov,V (2450) St Petersburg 2018}) 7... Qb4+ 8. Nbc3 Qxb3 9. Bxb3 Bb4 10. O-O Bg4 11. Nf4 $146 ({Predecessor:} 11. Bf4 c6 12. h3 Bxe2 13. Rfe1 O-O 14. Rxe2 Rd8 {1-0 (26) Prigodin,R (1975)-Jonkus,L (1889) Kaunas 2016}) 11... O-O 12. f3 Bd7 13. Nd3 a5 14. Bg5 Bxc3 15. bxc3 a4 16. Bc2 Nd5 17. Bd2 b5 18. Rab1 Nb6 19. Nc5 $14 Bc6 20. Bd3 Bd5 21. Rxb5 Bxa2 22. Ra1 Bd5 23. Bf4 Bc6 24. Rb2 Nd5 25. Bd2 Nd7 26. Nxd7 Bxd7 27. Be4 c6 28. Bc2 c5 29. Be4 Bc6 30. c4 Ne7 31. d5 f5 32. Bc2 Be8 33. Be3 Ra5 34. Rba2 Nc8 35. Bxa4 Bxa4 36. Rxa4 Rxa4 37. Rxa4 Nb6 38. Ra7 Rc8 39. Bd2 Nxc4 40. Bc3 Rd8 41. Rxg7+ Kf8 42. Rxh7 Rxd5 43. Rc7 Ke8 44. h4 f4 45. Bf6 Ne3 46. Bg5 Rd1+ 47. Kh2 Rd2 48. Bxf4 Rxg2+ 49. Kh3 Re2 50. Rxc5 Ng2 51. Bg3 Kf7 52. Kg4 Ne3+ 53. Kg5 Rg2 54. Kf4 Nf1 55. Be1 Nh2 56. Rc1 Rg1 57. Bd2 Rg2 58. Be3 Ra2 59. Bg1 Ra4+ 60. Kg3 Nxf3 61. Rf1 1-0

[Event "Irish International Open 2019"]
[Site "Dublin"]
[Date "2019.04.18"]
[Round "2.12"]
[White "Mulligan, Scott"]
[Black "De Verdier, Michael"]
[Result "0-1"]
[ECO "B43"]
[WhiteElo "2006"]
[BlackElo "2306"]
[Annotator "NA"]
[PlyCount "118"]
[EventDate "2019.02.28"]
[EventType "swiss"]
[EventCountry "IRL"]
[SourceTitle "playchess.com"]
[Source "ChessBase"]
[SourceQuality "1"]
[TimeControl "5400+30"]

1. e4 c5 2. Nf3 e6 3. d4 cxd4 4. Nxd4 a6 5. Nc3 b5 6. Bd3 Bb7 7. O-O Nc6 8. Be3 Ne5 9. f4 Nxd3 10. cxd3 Nf6 11. Qf3 d6 12. h3 Be7 13. Rac1 O-O 14. g4 Rc8 15. a3 Nd7 $11 16. Rcd1 d5 17. e5 b4 18. axb4 Bxb4 19. Nce2 Bc5 20. Qg3 Re8 21. Nb3 Bxe3+ 22. Qxe3 d4 23. Qxd4 Bd5 24. Nd2 Qh4 25. Qe3 Rb8 26. Nc3 Ba8 27. Nce4 Nb6 28. Qg3 Qxg3+ 29. Nxg3 Na4 30. b3 Nc5 31. Nde4 Nxb3 32. Nd6 Red8 33. Nge4 h6 34. f5 Nd4 35. Rb1 Rxb1 36. Rxb1 Nf3+ 37. Kf2 Nxe5 38. Rd1 exf5 39. gxf5 Bxe4 40. Nxe4 Rxd3 41. Ra1 Rf3+ 42. Kg2 Rxf5 43. Rxa6 Ng6 44. Kg3 Rf1 45. Nf2 Re1 46. Ra8+ Kh7 47. Ra3 Rg1+ 48. Kh2 Rb1 49. Kg3 Ne5 50. Kg2 f6 51. Rc3 Re1 52. Ra3 Re2 53. Kg3 Nc4 54. Ra7 Nd6 55. Ng4 Kg6 56. h4 h5 57. Nf2 Nf5+ 58. Kf3 Re3+ 59. Kf4 Rb3 0-1

[Event "Irish International Open 2019"]
[Site "Dublin"]
[Date "2019.04.18"]
[Round "2.13"]
[White "Schmitz, Manuela"]
[Black "Fitzsimons, David"]
[Result "0-1"]
[ECO "E91"]
[WhiteElo "1968"]
[BlackElo "2299"]
[Annotator "NA"]
[PlyCount "104"]
[EventDate "2019.02.28"]
[EventType "swiss"]
[EventCountry "IRL"]
[SourceTitle "playchess.com"]
[Source "ChessBase"]
[SourceQuality "1"]
[TimeControl "5400+30"]

1. d4 g6 2. Nf3 Bg7 3. e4 d6 4. c4 Nf6 5. Nc3 O-O 6. Be2 Na6 7. h3 e5 {[%emt 0:00:42] E91: King's Indian: Classical: 6 Be2, unusual replies including 6...c5 and 6...Bg4} 8. dxe5 (8. d5 Nc5 9. Qc2 a5 10. Be3 c6 11. g4 cxd5 12. cxd5 a4 13. Nd2 Bd7 14. a3 Ne8 15. h4 Nc7 16. h5 b5 17. Na2 N7a6 18. Kf1 {0-1 (27) Postny,E (2615)-Demchenko,A (2679) St Petersburg 2018}) 8... dxe5 9. Qxd8 Rxd8 10. Be3 Nh5 11. O-O Nf4 12. Rfd1 Nxe2+ 13. Nxe2 Re8 $146 ({Predecessor:} 13... Be6 14. b3 f6 15. Nc3 Bf8 16. Rxd8 Rxd8 {½-½ (44) Schmidt,J (2285)-Paehtz,E (2459) Germany 2017}) 14. Ne1 c6 15. Nc3 Nc7 16. Nc2 f5 17. f3 f4 18. Bf2 g5 19. Rd2 h5 20. Rad1 g4 21. hxg4 hxg4 22. Kf1 Ne6 23. b3 Kf7 24. Ke2 Rh8 25. Bg1 Rh1 26. Na4 Bf8 27. Nb2 Ng5 28. Nd3 Kf6 29. Nf2 Rh4 30. Rd8 gxf3+ 31. gxf3 Be7 32. R8d3 Be6 33. Ne1 Rg8 34. R3d2 Nf7 35. Ned3 Rg3 $19 36. Rf1 Ng5 37. Ne1 Bb4 38. Rd3 Bc5 39. Ng4+ Bxg4 40. Bxc5 Nxe4 41. Bxa7 Rh2+ 42. Bf2 Bh5 43. b4 Ng5 44. Kd1 Rgh3 45. Rd6+ Kf5 46. Bb6 Nxf3 47. Nxf3 Bxf3+ 48. Kc1 Rxa2 49. Kb1 Rg2 50. Bd8 Be4+ 51. Kc1 Rc3+ 52. Kd1 Bc2+ 0-1